 Dungeon Crawl Stone Soup version 0.20.0-10-g0535bb4 (webtiles) character file.

36 JustSomeDude the Skirmisher (level 3, 0/43 HPs)
             Began as a Demonspawn Fighter on June 4, 2017.
             Succumbed to an adder's poison
             ... on level 2 of the Dungeon on June 6, 2017.
             The game lasted 00:01:43 (733 turns).

JustSomeDude the Skirmisher (Demonspawn Fighter)     Turns: 733, Time: 00:01:44

Health: 0/43       AC: 21    Str: 17    XL:     3   Next: 19%
Magic:  3/3        EV:  2    Int:  9    God:
Gold:   48         SH:  9    Dex: 12    Spells: 2/2 levels left

rFire    . . .     SeeInvis .   a - +0 war axe
rCold    . . .     Gourm    .   c - +0 shield
rNeg     + + +     Faith    .   (armour currently unavailable)
rPois    +         Spirit   .   (helmet currently unavailable)
rElec    .         Reflect  .   (cloak currently unavailable)
rCorr    .         Harm     .   (gloves currently unavailable)
MR       .....     NoTele   +   (boots currently unavailable)
Stlth    +.........             (no amulet)
Regen    0.2/turn               (no ring)
MPRegen  0.1/turn               (no ring)

@: lethally poisoned (0 -> -6), tree-form
A: no striking features
a: no special abilities


You were on level 2 of the Dungeon.
You were not hungry.
You were a tree.
You visited 1 branch of the dungeon, and saw 2 of its levels.

You collected 48 gold pieces.

Inventory:

Hand Weapons
 a - a +0 war axe (weapon)
Armour
 b - a +0 scale mail (melded)
 c - a +0 shield (worn)
Scrolls
 g - 3 scrolls of identify {unknown}
 j - a scroll of teleportation {unknown}
 k - 2 scrolls of enchant weapon {unknown}
 m - a scroll of recharging {unknown}
Potions
 d - a potion of might
 e - 3 potions of lignification
 h - a potion of resistance {unknown}
 l - a potion of heal wounds {unknown}
Comestibles
 f - 2 bread rations
 i - 2 chunks of flesh


   Skills:
 + Level 3.2 Fighting
 + Level 2.1 Axes
 + Level 3.1 Armour
 + Level 0.3 Dodging
 + Level 3.1 Shields


You had 2 spell levels left.
You didn't know any spells.

Dungeon Overview and Level Annotations

Branches:
Dungeon (2/15)

Altars:
Sif Muna


Innate Abilities, Weirdness & Mutations

((You have a pair of small horns on your head.))
((You are partially covered in slimy green scales. (AC +2)))


Message History

You block the adder's attack.
You barely miss the adder.
The adder is almost dead.
* * * LOW HITPOINT WARNING * * *
You feel sick. The adder bites you.
* * * LOW HITPOINT WARNING * * *
The adder closely misses you.
You hit the adder.
You kill the adder!
You have reached level 3!
Your experience leads to an increase in your attributes!
Increase (S)trength, (I)ntelligence, or (D)exterity?
You feel stronger.
Your demonic ancestry asserts itself...
Slimy green scales grow over part of your body.
* * * LOW HITPOINT WARNING * * *
You feel sick.
It was a potion of lignification.
You turn into a tree.
Your +0 scale mail melds into your body.
Your roots penetrate the ground.
You die...

#.....# ....
......#
....######
...... ).......#
..... .......#
...# #.....#
...#
#.....###...####
#.......♣†......
#......##†..####
###.##.# .......
#..##.# ..).###
#.##### ....#
#.# ....# #.#
....# ##.##
###.#
.####...########


There were no monsters in sight!

Vanquished Creatures
  An adder (D:2)
  A dart slug (D:1)
  A leopard gecko (D:1)
  2 giant cockroaches
  3 goblins
  3 hobgoblins (D:1)
  2 kobolds (D:1)
  4 bats (D:1)
  A frilled lizard (D:1)
  3 rats (D:1)
21 creatures vanquished.

Notes
Turn   | Place    | Note
-------+----------+-------------------------------------------
     0 | D:1      | JustSomeDude the Demonspawn Fighter began the quest for the Orb.
     0 | D:1      | Reached XP level 1. HP: 18/18 MP: 1/1
    98 | D:1      | Gained mutation: You have a pair of small horns on your head. [demonic ancestry]
    98 | D:1      | Reached XP level 2. HP: 12/24 MP: 2/2
   701 | D:2      | Found a deep blue altar of Sif Muna.
   731 | D:2      | HP: 1/24 [adder (1)]
   732 | D:2      | Gained mutation: You are partially covered in slimy green scales. (AC +2) [demonic ancestry]
   732 | D:2      | Reached XP level 3. HP: 2/29 MP: 3/3
   733 | D:2      | Succumbed to an adder's poison

Skill      XL: |  1  2 |
---------------+-------+-----
Armour         | 3 |  3.1
Axes           | 2 |  2.1
Shields        | 3 |  3.1
Fighting       | |  3.2
Dodging        | |  0.3

Action                   || total
-------------------------++-------
Melee: War axe           ||    63
       Headbutt          ||     6
  Use: Potion            ||     1
Armor: Scale mail        ||    37
Dodge: Dodged            ||    20
Block: Shield            ||    34
